 Dungeon Crawl Stone Soup version 0.30-a0-779-g7971cf19c3 (webtiles) character file.

Game seed: 9285473029094797247

5413 demibob the Severer (level 10, -9/135 HPs)
             Began as a Hill Orc Fighter on Feb 17, 2023.
             Was a Believer of Beogh.
             Mangled by a sixfirhy (11 damage)
             ... summoned by a kobold demonologist
             ... on level 10 of the Dungeon.
             The game lasted 00:10:01 (7539 turns).

demibob the Severer (Hill Orc Fighter)              Turns: 7539, Time: 00:10:02

Health: -9/135     AC: 15    Str: 24    XL:     10   Next: 67%
Magic:  10/10      EV: 10    Int:  8    God:    Beogh [**....]
Gold:   228        SH:  0    Dex: 10    Spells: 9/9 levels left

rFire   . . .      SeeInvis .    a - +1 war axe
rCold   . . .      Faith    .    (no shield)
rNeg    . . .      Spirit   .    b - +1 scale mail
rPois   .          Reflect  .    s - +0 helmet
rElec   .          Harm     .    (no cloak)
rCorr   .          Rampage  .    p - +2 pair of gloves
Will    .....                    l - +0 pair of boots
Stlth   x                          - amulet of the acrobat
HPRegen 0.42/turn                Y - +4 ring of slaying
MPRegen 0.12/turn                y - +4 ring of slaying

@: berserking, very quick
A: no striking features
a: Renounce Religion, Smiting


You were on level 10 of the Dungeon.
You worshipped Beogh.
Beogh was pleased with you.
You visited 1 branch of the dungeon, and saw 10 of its levels.

You collected 514 gold pieces.
You spent 286 gold pieces at shops.


   Skills:
 + Level 8.8 Fighting
 - Level 16.0 Axes
 + Level 8.0 Armour
 - Level 3.2 Shields


You had 9 spell levels left.
You didn't know any spells.
Your spell library contained the following spells:

 Spells                   Type           Power      Damage    Failure   Level
 Kiss of Death            Conj/Necr      0%         2d5       67%         1
 Ensorcelled Hibernation  Hex/Ice        0%         N/A       80%         2
 Passwall                 Tmut/Erth      0%         N/A       80%         2
 Confusing Touch          Hex            0%         N/A       95%         3
 Swiftness                Air            0%         N/A       95%         3
 Airstrike                Air            0%         2d(0-16)  100%        4
 Dispel Undead            Necr           0%         3d6       100%        4
 Summon Lightning Spire   Summ/Air       0%         N/A       100%        4
 Lightning Bolt           Conj/Air       0%         1d11      100%        5

Inventory:

Hand Weapons
 a - a +1 war axe (weapon)
 z - a +0 heavy battleaxe
Missiles
 d - a throwing net {=f}
Armour
 b - a +1 scale mail (worn)
 l - a +0 pair of boots (worn)
 p - a +2 pair of gloves (worn)
 s - a +0 helmet (worn)
Jewellery
 x - an amulet of the acrobat (around neck)
 y - a +4 ring of slaying (right hand)
 F - a ring of protection from fire
 I - a +6 ring of intelligence
 T - a +4 ring of protection
 Y - a +4 ring of slaying (left hand)
 Z - a ring of wizardry
Wands
 n - a wand of roots (11)
 o - a wand of flame (36)
Scrolls
 c - 2 scrolls of fear
 e - 4 scrolls of noise
 h - 2 scrolls of identify {@r1}
 k - 4 scrolls of enchant armour
 m - 5 scrolls of teleportation {@r2}
 u - a scroll of enchant weapon
Potions
 f - 2 potions of degeneration
 g - 2 potions of haste {@q3}
 i - a potion of berserk rage {!q}
 j - a potion of heal wounds {@q2}
 q - a potion of brilliance
 r - a potion of ambrosia
 t - a potion of curing {@q1}
 v - a potion of magic
 w - a potion of lignification
 A - 2 potions of flight
 D - a potion of resistance
 E - a potion of might
 G - a potion of invisibility
Miscellaneous
 B - a lightning rod (4/4)
 C - a phantom mirror

Dungeon Overview and Level Annotations

Branches:
Dungeon (10/15)            Temple (0/1) D:7             Orc (0/2) D:9
   Lair: D:8-11

Altars:
Cheibriados
Kikubaaqudgha
Xom
Zin

Shops:
D:4 [   D:9 !

Annotations:
D:3 1 runed translucent door, Crazy Yiuf

......#........##
... #.............#
...###............#
....###.............
.....#..#...........
....................
..............#..##.
.......K4..o###).#
#!....54@#..# .#
##.....3###...# #
#>....#.# o.....
......#.# ...#..
......... .## .
........$. .
⚑.....##... ..
...... 4o#. ....
..#..


You could see a hellwing (summoned), an ice devil (summoned), a kobold
demonologist, a sixfirhy (summoned), a crimson imp (summoned) and an orc.


Message History

* * * LOW HITPOINT WARNING * * *
The hellwing hits you.
* * * LOW HITPOINT WARNING * * *
The orc throws a boomerang.
The boomerang hits you but does no damage.
Press: ? - help, v - describe, . - travel
Here: a kobold demonologist, wielding a +0 dagger and wearing a +0 robe The floor.
Really quaff
i - 2 potions of berserk rage {!q}?
A red film seems to cover your vision as you go berserk!
You feel yourself moving faster!
You feel mighty! The sixfirhy hits you.
* * * LOW HITPOINT WARNING * * *
The sixfirhy shocks you!
* * * LOW HITPOINT WARNING * * *
The ice devil completely misses you.
The kobold demonologist hits you but does no damage.
The hellwing barely misses you.
The hellwing hits you but does no damage.
The orc throws a boomerang.
The boomerang closely misses you. The sixfirhy barely misses you.
You slice the kobold demonologist!!
The kobold demonologist is severely wounded.
You slash the hellwing! You completely miss the ice devil.
You slash the sixfirhy!
The sixfirhy hits you but does no damage.
The ice devil hits you but does no damage.
The sixfirhy hits you.
* * * LOW HITPOINT WARNING * * *
The sixfirhy shocks you!
You die...

Skill      XL: |  1  2  3  4  5  6  7  8  9 10 |
---------------+-------------------------------+-----
Axes           | 3 4 5 8 9 11 14 15 16 | 16.0
Fighting       | 4 7 8 |  8.8
Armour         | 6 8 |  8.0
Shields        | |  3.2

Action                     |  1- 3 |  4- 6 |  7- 9 | 10-12 || total
---------------------------+-------+-------+-------+-------++-------
  Melee: War axe           |    92 |   137 |   215 |   106 ||   550
         Punch             |       |     1 |     5 |     1 ||     7
 Invoke: Convert to Beogh  |       |       |     1 |       ||     1
  Evoke: Wand              |       |       |     4 |       ||     4
    Use: Potion            |       |     2 |     3 |     5 ||    10
         Scroll            |       |     9 |    12 |     1 ||    22
 Armour: Scale mail        |    53 |    47 |   124 |    53 ||   277
  Dodge: Dodged            |    61 |    93 |    97 |    61 ||   312

Levels and vault maps discovered:
D:1:      dpeg_arrival_radiant, layout_loops_ring
D:2:      layout_basic, shapermc_ecumenical_altar_notcrosses,
          minmay_misc_feat_diagonals
D:3:      layout_rooms, minmay_misc_feat_encased, uniq_sigmund,
          uniq_crazy_yiuf_cottage
D:4:      layout_cave_pools, cheibriados_altar_1, serial_shops, shop,
          serial_bayou_pond_c
D:5:      layout_cave_pools, mainiacjoe_overflow_catwalk,
          minmay_misc_feat_tower, grunt_decor_fettered, st_stairs_12,
          uniq_duvessa
D:6:      layout_rooms, uniq_edmund
D:7:      layout_loops_cross, nicolae_overflow_hidden_temple,
          minmay_temple_entry_sparse_star, nicolae_eternal_life
D:8:      layout_cave_pools, zin_statuary
D:9:      layout_roguey, erik_orc_4, serial_shops, shop
D:10:     layout_cave_pools, grunt_temple_overflow_open,
          nicolae_qazlal_scattered_showers, biasface_ghost_orc_armoury

Notes
Turn   | Place    | Note
-------+----------+-------------------------------------------
     0 | D:1      | demibob the Hill Orc Fighter began the quest for the Orb.
     0 | D:1      | Reached XP level 1. HP: 19/19 MP: 1/1
    58 | D:1      | Reached skill level 3 in Axes
    81 | D:1      | Reached XP level 2. HP: 26/26 MP: 2/2
   161 | D:1      | Reached skill level 4 in Axes
   443 | D:1      | Reached XP level 3. HP: 28/31 MP: 3/3
   904 | D:2      | Reached skill level 5 in Axes
  1033 | D:2      | Reached XP level 4. HP: 39/39 MP: 4/4
  1380 | D:2      | Found a faded altar of an unknown god.
  1914 | D:3      | Reached skill level 6 in Axes
  1982 | D:3      | Noticed Sigmund
  2000 | D:3      | Killed Sigmund
  2001 | D:3      | Reached skill level 8 in Axes
  2001 | D:3      | Reached XP level 5. HP: 9/45 MP: 5/5
  2001 | D:3      | Reached XP level 6. HP: 11/51 MP: 6/6
  2338 | D:3      | Found a runed translucent door.
  2339 | D:3      | Noticed Crazy Yiuf
  2703 | D:4      | Found a snail-covered altar of Cheibriados.
  2738 | D:5      | Entered Level 5 of the Dungeon
  3274 | D:4      | Reached skill level 9 in Axes
  3431 | D:4      | Found Givyos's Antique Armour Boutique.
  3622 | D:5      | Noticed Duvessa
  3622 | D:5      | Noticed Dowan
  3630 | D:4      | Reached XP level 7. HP: 41/57 MP: 7/7
  3660 | D:5      | Reached skill level 10 in Axes
  3819 | D:5      | Killed Duvessa
  3820 | D:5      | Reached skill level 11 in Axes
  3820 | D:5      | Killed Dowan
  3957 | D:5      | Reached XP level 8. HP: 60/64 MP: 8/8
  4101 | D:5      | Reached skill level 12 in Axes
  4146 | D:5      | Found a shimmering altar of Xom.
  4149 | D:5      | Became a worshipper of Beogh the Brigand
  4457 | D:6      | Noticed Edmund
  4468 | D:6      | Killed Edmund
  4469 | D:6      | Reached skill level 13 in Axes
  4938 | D:7      | Reached skill level 4 in Fighting
  4938 | D:7      | Reached skill level 14 in Axes
  4962 | D:7      | Reached XP level 9. HP: 69/71 MP: 9/9
  4972 | D:7      | Reached skill level 4 in Armour
  4980 | D:7      | Reached * piety under Beogh
  5217 | D:7      | Found a staircase to the Ecumenical Temple.
  5237 | D:7      | Reached skill level 5 in Fighting
  5878 | D:8      | Reached skill level 5 in Armour
  5887 | D:8      | Reached skill level 6 in Fighting
  5896 | D:8      | Reached skill level 15 in Axes
  5896 | D:8      | Reached skill level 6 in Armour
  5942 | D:8      | Noticed a troll
  5955 | D:8      | Killed a troll
  5956 | D:8      | Reached skill level 7 in Fighting
  5956 | D:8      | Reached XP level 10. HP: 53/86 MP: 10/10
  6569 | D:8      | Found a glowing silver altar of Zin.
  6770 | D:9      | Noticed a two-headed ogre
  6786 | D:9      | Killed a two-headed ogre
  6787 | D:9      | Reached skill level 8 in Fighting
  6787 | D:9      | Reached skill level 7 in Armour
  6902 | D:9      | Reached ** piety under Beogh
  6933 | D:9      | Found a staircase to the Orcish Mines.
  6966 | D:9      | Reached skill level 16 in Axes
  7070 | D:9      | Found Gubeagup's Distillery.
  7078 | D:9      | Bought a potion of resistance for 130 gold pieces
  7078 | D:9      | Bought a potion of might for 52 gold pieces
  7078 | D:9      | Bought a potion of invisibility for 104 gold pieces
  7133 | D:9      | Reached skill level 8 in Armour
  7288 | D:9      | Identified the +5 dagger of Namegadgh {chaos, Fly Will++
                  | Int+4}
  7500 | D:10     | Entered Level 10 of the Dungeon
  7513 | D:10     | Found an ancient bone altar of Kikubaaqudgha.
  7515 | D:10     | Noticed a kobold demonologist
  7529 | D:10     | Noticed a sixfirhy
  7538 | D:10     | HP: 3/135 [sixfirhy[a kobold demonologist] (12)]
  7539 | D:10     | Mangled by a sixfirhy

Vanquished Creatures
  A two-headed ogre (D:9)
  A troll (D:8)
  Sigmund (D:3)
  A shadow (D:9)
  5 yaks (D:8)
  3 steam dragons
  Edmund (D:6)
  An acid dragon (D:8)
  Duvessa (D:5)
  2 sky beasts
  2 orc warriors (D:9)
  A black bear (D:7)
  2 ice beasts
  An ogre (D:4)
  2 centaurs
  2 phantoms (D:6)
  A bullfrog (D:9)
  A kobold brigand (D:8)
  2 necrophages (D:5)
  3 scorpions
  4 wights (D:7)
  Dowan (D:5)
  8 killer bees
  3 howler monkeys (D:9)
  A hound (D:5)
  4 orc priests (D:9)
  5 orc wizards
  3 iguanas
  10 adders
  11 gnolls
  2 white imps
  An ufetubus (D:7)
  A worm (D:2)
  6 dart slugs
  24 orcs
  5 endoplasms
  5 giant cockroaches
  8 goblins
  7 hobgoblins
  5 quokkas
  7 ball pythons
  7 bats
  A frilled lizard (D:2)
  12 kobolds
  3 rats
178 creatures vanquished.

Vanquished Creatures (others)
  An orc priest (D:5)
  An orc wizard (D:7)
  An orc (D:5)
  4 plants (D:4)
7 creatures vanquished.

Grand Total: 185 creatures vanquished

Table legend: (Time is in decaauts)
 A = Elapsed time spent in this place.
 B = Non-inter-level travel time spent in this place.
 C = Inter-level travel time spent in this place.
 D = Time resting spent in this place.
 E = Time spent auto-exploring this place.
 F = Levels seen in this place.
 G = Mean time per level.
                   A        B        C        D        E       F      G
               +--------+--------+--------+--------+--------+-----+--------+
         Total |   7519 |   7277 |    242 |    728 |   5342 |  10 |  751.9 |
       Dungeon |   7519 |   7277 |    242 |    728 |   5342 |  10 |  751.9 |
               +--------+--------+--------+--------+--------+-----+--------+

Top non-repeatable levels by time:
     D:2: 1066 daAuts
     D:5: 968 daAuts
     D:4: 965 daAuts
     D:7: 962 daAuts
     D:8: 891 daAuts
     D:1: 875 daAuts
     D:9: 721 daAuts
     D:3: 621 daAuts
     D:6: 412 daAuts
    D:10: 34 daAuts

Table legend:
 A = Non-vault XP
 B = Vault XP
 C = Vault XP percentage of total XP
 D = Non-vault monster count
 E = Vault monster count
 F = Vault count percentage of total count
                 A         B        C        D         E       F
            +---------+---------+-------+---------+---------+-------
      Total |    6499 |    1235 |  16.0 |     157 |      22 |  12.3
            +---------+---------+-------+---------+---------+-------
        D:1 |      43 |       0 |   0.0 |      23 |       0 |   0.0
        D:2 |      66 |       0 |   0.0 |      20 |       0 |   0.0
        D:3 |      63 |     226 |  78.2 |      15 |       1 |   6.2
        D:4 |     164 |     122 |  42.7 |      17 |       1 |   5.6
        D:5 |     723 |     216 |  23.0 |      21 |       2 |   8.7
        D:6 |     355 |     154 |  30.3 |      11 |       1 |   8.3
        D:7 |    1091 |       0 |   0.0 |      20 |       0 |   0.0
        D:8 |    2165 |       0 |   0.0 |      18 |       0 |   0.0
        D:9 |    1829 |     517 |  22.0 |      12 |      17 |  58.6
            +---------+---------+-------+---------+---------+-------
